 Dungeon Crawl Stone Soup version 0.24-a0-368-g0e0cebd0f3 (webtiles) character file.

Game seed: 10775043189084884298

6226 TheOvate the Thrower (level 10, -2/50 HPs)
             Began as a Gargoyle Ice Elementalist on May 28, 2019.
             Slain by a troll (4 damage)
             ... on level 8 of the Dungeon.
             The game lasted 00:38:16 (12228 turns).

TheOvate the Thrower (Gargoyle Ice Elementalist)   Turns: 12228, Time: 00:38:17

Health: -2/50      AC: 14    Str: 11    XL:     10   Next: 92%
Magic:  0/17       EV: 12    Int: 23    God:
Gold:   137        SH:  0    Dex: 10    Spells: 7/19 levels left

rFire    . . .     SeeInvis +   q - +7 whip "Puuxo" {slash, rC+ rN+ Int+3}
rCold    + . .     Gourm    .   (no shield)
rNeg     + + +     Faith    .   D - +3 leather armour {rN+}
rPois    ∞         Spirit   .   k - +0 helmet
rElec    +         Reflect  .   (no cloak)
rCorr    .         Harm     .   (no gloves)
MR       .....                  (no boots)
Stlth    ++........             (no amulet)
HPRegen  0.16/turn              r - ring of see invisible
MPRegen  0.15/turn              (no ring)

@: very slightly contaminated
A: negative energy resistance 1, electricity resistance, unbreathing,
petrification resistance, rot immunity, AC +7
a: no special abilities


You were on level 8 of the Dungeon.
You were not hungry.

You visited 2 branches of the dungeon, and saw 9 of its levels.
You also visited: Ossuary.

You collected 368 gold pieces.
You spent 231 gold pieces at shops.

Inventory:

Hand Weapons
 q - the +7 whip "Puuxo" (weapon) {slash, rC+ rN+ Int+3}
   (You found it on level 4 of the Dungeon)

   It inflicts extra damage upon your enemies.
   It affects your intelligence (+3).
   It protects you from cold.
   It protects you from negative energy.
Missiles
 l - 28 poisoned darts (quivered)
Armour
 k - a +0 helmet (worn)
 D - a +3 leather armour of positive energy (worn)
Jewellery
 r - a ring of see invisible (left hand)
Wands
 h - a wand of flame (18)
 B - a wand of digging (2)
 F - a wand of paralysis (7)
Scrolls
 e - 5 scrolls of identify
 f - a scroll of enchant weapon
 i - 14 scrolls of remove curse {unknown}
 j - 2 scrolls of magic mapping
 m - 5 scrolls of enchant armour {unknown}
 p - a scroll of random uselessness {unknown}
 u - a scroll of immolation {unknown}
 w - a scroll of noise {unknown}
 x - a scroll of torment {unknown}
 y - a scroll of fear {unknown}
 z - a scroll of teleportation {unknown}
 A - 3 scrolls of amnesia {unknown}
 C - 2 scrolls of fog
Potions
 a - a potion of might
 b - a potion of ambrosia
 g - a potion of degeneration
 n - 2 potions of invisibility
 o - a potion of cancellation
 s - a potion of magic {unknown}
 t - 2 potions of flight {unknown}
 v - 2 potions of mutation {unknown}
Comestibles
 c - 12 rations


   Skills:
   Level 0.4 Short Blades
 - Level 5.5 Maces & Flails
 + Level 9.1 Throwing
 - Level 1.4 Armour
 - Level 2.8 Dodging
 - Level 2.2 Stealth
 - Level 5.2 Spellcasting
 - Level 5.1 Conjurations
 + Level 0.2 Charms
 - Level 4.0 Summonings
 + Level 0.1 Necromancy
 - Level 7.3 Ice Magic


You had 7 spell levels left.
You knew the following spells:

 Your Spells              Type           Power        Failure   Level  Hunger
a - Freeze                Ice            ####         1%          1    None
b - Throw Frost           Conj/Ice       ####..       1%          2    None
c - Ozocubu's Armour      Chrm/Ice       ###.....     8%          3    ##.....
d - Summon Small Mammal   Summ           ###.         2%          1    None
e - Animate Skeleton      Necr           N/A          12%         1    None
f - Throw Icicle          Conj/Ice       ####....     10%         4    ####...

Your spell library contained the following spells:

 Spells                   Type           Power        Failure   Level  Hunger
 Apportation              Tloc           #.....       12%         1    None
 Confusing Touch          Hex            #.....       12%         1    None
 Corona                   Hex            #......      12%         1    None
 Summon Ice Beast         Ice/Summ       ####....     12%         4    ####...
 Slow                     Hex            #.......     19%         2    None
 Inner Flame              Hex/Fire       #.......     36%         3    ##.....
 Portal Projectile        Hex/Tloc       #.....       36%         3    ##.....
 Cause Fear               Hex            #.........   77%         4    ####...
 Leda's Liquefaction      Hex/Erth       #.........   77%         4    ####...


Dungeon Overview and Level Annotations

Branches:
Dungeon (8/15)             Temple (1/1) D:6            Lair (0/6) D:8

Altars:
Ashenzari
Cheibriados
Elyvilon
Fedhas
Gozag
Kikubaaqudgha
Makhleb
Nemelex Xobeh
Okawaru
Qazlal
Ru
Sif Muna
Trog
Uskayaw
Wu Jian
Xom
Yredelemnul
Zin
The Shining One
Lugonu

Shops:
D:7 [


Innate Abilities, Weirdness & Mutations

You are resistant to torment.
Your stone body is resilient. (AC +7)
You are immune to poison.
You resist negative energy. (rN+)
You are resistant to electric shocks. (rElec)
You can survive without breathing.
You are immune to petrification.
You are immune to rotting.


Message History

Confirm with . or Enter, or press ? or * to list all spells.
Aiming: Freeze (safe; 1% risk of failure)
Press: ? - help, Shift-Dir - straight line, f/p - troll
Aim: a troll You freeze the troll!
The troll is moderately wounded.
The troll misses you. The troll claws you but does no damage.
The troll claws you.
* * * LOW HITPOINT WARNING * * *
Casting: Freeze (safe; 1% risk of failure)
Confirm with . or Enter, or press ? or * to list all spells.
Aiming: Freeze (safe; 1% risk of failure)
Press: ? - help, Shift-Dir - straight line, f/p - troll
Aim: a troll (moderately wounded)
You freeze the troll.
The troll is moderately wounded.
The troll closely misses you. The troll claws you.
* * * LOW HITPOINT WARNING * * *
The troll claws you.
You die...

#...... ##....#..
##....##..
##..#.##..#
##..##.(..##
##..##..#.##...
#......##.......
#..T#.##..#.....#
#.@##....##.....##
#)##..#.##..#.#..##
#....##....##.##...
#(..##....##...##..
##(.................
#..(.##....##...##..
#..(..##....##.##...
#..##..#.##..#.#..##
#...##.T..##.....##.


You could see a troll.

Vanquished Creatures
  An orc knight (D:8)
  A spriggan (D:7)
  A wyvern (D:8)
  A wraith (Ossuary)
  10 wargs
  4 orc warriors
  3 ice beasts
  2 sky beasts
  2 ogres (D:8)
  3 black bears
  2 centaurs (D:7)
  A big kobold (D:8)
  7 bullfrogs
  An elf zombie (Ossuary)
  2 scorpions
  15 wights
  A bullfrog zombie (D:5)
  2 hounds
  2 jellies
  6 orc wizards
  A bullfrog skeleton (D:6)
  8 orc priests
  A human zombie (Ossuary)
  Natasha (twice) (D:2)
  2 centaur skeletons
  2 iguanas
  4 worker ants
  3 mummies
  A worker ant zombie (D:5)
  13 adders
  3 gnolls (D:3)
  2 shadow imps
  An ooze (D:2)
  An adder skeleton (D:8)
  2 worms
  2 dart slugs
  3 leopard geckos
  55 orcs
  9 bats
  5 giant cockroaches
  6 hobgoblins
  2 jackals (D:1)
  3 quokkas
  2 ball pythons (D:1)
  3 frilled lizards
  4 goblins
  4 goblin zombies
  5 kobolds
  5 kobold zombies
  A leopard gecko skeleton (D:4)
  A leopard gecko zombie (D:5)
  6 rats
229 creatures vanquished.

Vanquished Creatures (others)
  A hobgoblin (D:2)
1 creature vanquished.

Grand Total: 230 creatures vanquished

Notes
Turn   | Place    | Note
-------+----------+-------------------------------------------
     0 | D:1      | TheOvate the Gargoyle Ice Elementalist began the quest for
                  | the Orb.
     0 | D:1      | Reached XP level 1. HP: 10/10 MP: 3/3
   599 | D:1      | Reached XP level 2. HP: 15/15 MP: 5/5
  1171 | D:2      | Reached XP level 3. HP: 13/19 MP: 0/6
  1651 | D:2      | Reached XP level 4. HP: 22/24 MP: 2/8
  1853 | D:2      | Found an ancient bone altar of Kikubaaqudgha.
  2040 | D:2      | Noticed Natasha
  2057 | D:2      | Killed Natasha
  2309 | D:2      | Noticed Natasha
  2315 | D:2      | Killed Natasha
  2315 | D:2      | Reached XP level 5. HP: 23/28 MP: 4/9
  2919 | D:3      | Learned a level 2 spell: Throw Frost
  2923 | D:3      | Learned a level 3 spell: Ozocubu's Armour
  2925 | D:3      | Learned a level 1 spell: Summon Small Mammal
  2927 | D:3      | Learned a level 1 spell: Animate Skeleton
  3159 | D:3      | Reached XP level 6. HP: 28/32 MP: 0/11
  3888 | D:4      | Found a glowing golden altar of the Shining One.
  3926 | D:4      | Found a stormy altar of Qazlal.
  3986 | D:4      | Reached skill level 1 in Armour
  4314 | D:4      | Found a blossoming altar of Fedhas.
  4422 | D:4      | Reached skill level 5 in Ice Magic
  4537 | D:4      | Got a bloodstained whip
  4538 | D:4      | Identified the +7 whip "Puuxo" {slash, rC+ rN+ Int+3} (You
                  | found it on level 4 of the Dungeon)
  4865 | D:5      | Entered Level 5 of the Dungeon
  4935 | D:4      | Reached skill level 1 in Maces & Flails
  4939 | D:5      | Reached XP level 7. HP: 36/36 MP: 8/13
  5022 | D:5      | Found a sand-covered staircase.
  5029 | Ossuary  | Entered an ossuary
  5029 | Ossuary  | Noticed a wraith
  5029 | Ossuary  | Noticed a wraith
  5029 | Ossuary  | Noticed a wraith
  5487 | Ossuary  | Noticed a wraith
  5503 | Ossuary  | Killed a wraith
  5956 | D:5      | Reached skill level 5 in Maces & Flails
  5956 | D:5      | Reached XP level 8. HP: 33/41 MP: 9/14
  6410 | D:6      | Found a bloodstained altar of Trog.
  6410 | D:6      | Found a snail-covered altar of Cheibriados.
  6410 | D:6      | Found a sparkling altar of Nemelex Xobeh.
  6410 | D:6      | Found an iron altar of Okawaru.
  6540 | D:6      | Found a sacrificial altar of Ru.
  6802 | D:6      | Found a staircase to the Ecumenical Temple.
  6821 | Temple   | Entered the Ecumenical Temple
  7073 | D:6      | Found a glowing golden altar of the Shining One.
  7082 | D:6      | Found a basalt altar of Yredelemnul.
  7084 | D:6      | Noticed a profane servitor
  7262 | D:6      | Noticed an angel
  7577 | D:7      | Reached XP level 9. HP: 42/45 MP: 15/15
  7589 | D:7      | Learned a level 4 spell: Throw Icicle
  7602 | D:7      | Found Zolodemy's Armour Shoppe.
  7802 | D:7      | Bought a +3 leather armour of positive energy for 231 gold
                  | pieces
  7881 | D:7      | Reached skill level 5 in Spellcasting
  8488 | D:7      | Found an ornate altar of the Wu Jian Council.
  8741 | D:7      | Reached skill level 5 in Conjurations
  8835 | D:7      | Reached skill level 1 in Throwing
  8847 | D:7      | Reached skill level 2 in Throwing
  9004 | D:7      | Reached skill level 3 in Throwing
  9120 | D:8      | Reached skill level 4 in Throwing
  9304 | D:8      | Found a burning altar of Makhleb.
  9323 | D:8      | Reached XP level 10. HP: 50/50 MP: 17/17
  9447 | D:8      | Found a staircase to the Lair.
  9463 | D:8      | Found a white marble altar of Elyvilon.
  9463 | D:8      | Found a hide-covered altar of Uskayaw.
  9576 | D:7      | Reached skill level 5 in Throwing
 10113 | D:8      | Reached skill level 6 in Throwing
 10559 | D:8      | Reached skill level 7 in Throwing
 10688 | D:8      | Noticed an orc warlord
 11063 | D:8      | Noticed an orc knight
 11588 | D:8      | Reached skill level 8 in Throwing
 12172 | D:8      | Killed an orc knight
 12172 | D:8      | Reached skill level 9 in Throwing
 12228 | D:8      | HP: 2/50 [troll (5)]
 12228 | D:8      | Slain by a troll

Levels and vault maps discovered:
D:1:      elethiomel_arrival_maze, layout_loops_corners
D:2:      layout_basic, lemuel_coloured_pillars_altar,
          minmay_misc_feat_nine_boxes, uniq_natasha
D:3:      layout_basic, hex_tiny
D:4:      layout_basic, nicolae_overflow_crystal_walls, grunt_qazlal_clouds,
          tso_metal_star
D:5:      layout_rooms, nicolae_ossuary_entry_giza, first_ration
D:6:      layout_loops_ring, grunt_temple_overflow_holy_war,
          chequers_temple_overflow_statue_of_worship, minmay_temple_entry_ruins,
          eino_small_chamber_without_monster, nicolae_ru_sacrificial_ziggurat
D:7:      layout_rooms, lemuel_doored_altar, serial_shops, shop, the_bakery,
          minmay_fractal_squares_diagonal_5
D:8:      lemuel_castle_with_subvaults [lemuel_castle_interior_carwin_1],
          layout_basic, kennysheep_little_box, gammafunk_temple_overflow_statue,
          lair_entry_dummy, special_room [special_room_orc], nicolae_wwwww,
          st_stairs_4
Temple:   corrupted_temple

Skill      XL: |  1  2  3  4  5  6  7  8  9 10 |
---------------+-------------------------------+-----
Dodging        | 2 |  2.8
Spellcasting   | 3 4 5 |  5.2
Ice Magic      | 4 5 7 |  7.3
Armour         | 1 |  1.4
Maces & Flails | 1 5 |  5.5
Summonings     | 3 4 |  4.0
Conjurations   | 5 |  5.1
Throwing       | 4 9 |  9.1
Short Blades   | |  0.4
Stealth        | |  2.2
Charms         | |  0.2
Necromancy     | |  0.1

Action                   |  1- 3 |  4- 6 |  7- 9 | 10-12 || total
-------------------------+-------+-------+-------+-------++-------
Melee: Dagger            |    45 |    44 |       |       ||    89
       Unarmed           |     3 |       |       |       ||     3
       Whip              |       |     6 |   252 |   158 ||   416
Throw: Dart              |       |       |     1 |       ||     1
 Cast: Freeze            |    32 |   100 |    80 |    80 ||   292
       Throw Frost       |       |       |    25 |    12 ||    37
       Summon Small Mamm |       |       |     1 |       ||     1
       Throw Icicle      |       |       |    11 |    17 ||    28
  Use: Scroll            |       |     2 |     7 |     1 ||    10
       Potion            |       |       |     2 |     3 ||     5
 Stab: Sleeping          |     2 |     4 |     2 |       ||     8
       Distracted        |       |       |       |     1 ||     1
  Eat: Chunk             |     3 |     9 |    12 |     6 ||    30
       Ration            |       |       |     1 |     2 ||     3
Armor: Robe              |    26 |     1 |       |       ||    27
       Leather armour    |       |    43 |   116 |    79 ||   238
Dodge: Dodged            |    52 |    69 |   161 |   100 ||   382

Table legend:
 A = Non-vault XP
 B = Vault XP
 C = Vault XP percentage of total XP
 D = Non-vault monster count
 E = Vault monster count
 F = Vault count percentage of total count
                 A         B        C        D         E       F
            +---------+---------+-------+---------+---------+-------
      Total |    5139 |    3756 |  42.2 |     174 |      55 |  24.0
            +---------+---------+-------+---------+---------+-------
        D:1 |      24 |       0 |   0.0 |      14 |       0 |   0.0
        D:2 |     120 |      37 |  23.6 |      20 |       1 |   4.8
        D:3 |     174 |       0 |   0.0 |      25 |       0 |   0.0
        D:4 |     224 |       0 |   0.0 |      12 |       0 |   0.0
        D:5 |     509 |      20 |   3.8 |      13 |       3 |  18.8
        D:6 |     866 |       0 |   0.0 |      12 |       0 |   0.0
        D:7 |    1279 |     883 |  40.8 |      36 |       7 |  16.3
        D:8 |    1943 |    2443 |  55.7 |      42 |      32 |  43.2
    Ossuary |       0 |     373 | 100.0 |       0 |      12 | 100.0
            +---------+---------+-------+---------+---------+-------
